 Dungeon Crawl Stone Soup version 0.19.1-1-g22dce08 (webtiles) character file.

116 Lahna the Skirmisher (level 4, -2/41 HPs)
             Began as a Minotaur Berserker on Jan 20, 2017.
             Was a Believer of Trog.
             Slain by Natasha (5 damage)
             ... on level 3 of the Dungeon.
             The game lasted 00:04:13 (1565 turns).

Lahna the Skirmisher (Minotaur Berserker)           Turns: 1565, Time: 00:04:13

Health: -2/41      AC: 11    Str: 21    XL:     4   Next: 70%
Magic:  3/3        EV:  9    Int:  4    God:    Trog [**....]
Gold:   118        SH:  0    Dex: 11    Spells: 0 memorised, 3 levels left

rFire  + . .     SeeInvis +     a - +1 mace
rCold  . . .     Gourm    .     l - +0 chain mail
rNeg   . . .     Faith    .     (no shield)
rPois  .         Spirit   .     (helmet restricted)
rElec  .         Reflect  .     (no cloak)
rCorr  .         Harm     .     (no gloves)
MR     .....                    o - +1 pair of boots
Stlth  ..........               t - amulet of inaccuracy (curse)
                                d - ring of see invisible
                                q - ring of protection from fire

@: exhausted, slowed, very slow
A: retaliatory headbutt, horns 2
a: Berserk, Trog's Hand, Burn Spellbooks, Renounce Religion


You were on level 3 of the Dungeon.
You worshipped Trog.
Trog was pleased with you.
You were not hungry.

You visited 1 branch of the dungeon, and saw 3 of its levels.

You collected 118 gold pieces.

Inventory:

Hand Weapons
 a - a +1 mace (weapon)
Armour
 l - a +0 chain mail (worn)
 o - a +1 pair of boots (worn)
Jewellery
 d - a ring of see invisible (right hand)
 q - a ring of protection from fire (left hand)
 r - an uncursed amulet of faith {unknown}
 t - a cursed amulet of inaccuracy (around neck)
Scrolls
 g - 2 scrolls of identify
 p - 2 scrolls of teleportation
Potions
 e - 2 potions of curing {unknown}
 f - a potion of degeneration {unknown}
 j - a potion of might {unknown}
 m - 2 potions of heal wounds
 n - 2 potions of agility {unknown}
 u - a potion of resistance
 v - a potion of cancellation {unknown}
Comestibles
 b - a royal jelly
 c - 4 bread rations
 h - a beef jerky
 i - a slice of pizza
 k - 3 meat rations


   Skills:
 + Level 4.6 Fighting
 + Level 4.6 Maces & Flails
 + Level 3.5 Armour
 + Level 3.2 Dodging


You had 3 spell levels left.
You didn't know any spells.

Dungeon Overview and Level Annotations

Branches:
Dungeon (3/15)

Altars:

Annotations:
D:3 Natasha


Innate Abilities, Weirdness & Mutations

You reflexively headbutt those who attack you in melee.
You have a pair of horns on your head.


Message History

The shadow imp sputters.
Natasha mumbles some strange words.
Natasha claws you but does no damage. The shadow imp closely misses you.
You miss Natasha. Your headbutt misses Natasha.
Natasha growls.
Natasha claws you but does no damage. Natasha claws you.
* * * LOW HITPOINT WARNING * * *
The shadow imp hits you but does no damage.
Your chain mail prevents you from hitting Natasha.
Natasha casts a spell at you. The magic dart hits you!
* * * LOW HITPOINT WARNING * * *
The shadow imp hits you.
* * * LOW HITPOINT WARNING * * *
The shadow imp hits you but does no damage.
Natasha casts a spell at you.
You feel as though you will be slow longer.
The shadow imp hits you but does no damage. x2
You miss Natasha. Natasha claws you.
You die...

#..........(.#.
..##........(....# ###.#
..#...).......
...................#
...#..##........... .
#..) #..........# ..
##..# #.#.......## #.
#.5h# ###..........#
#.#.5@##.............#
#........##...........
#####.....##..........#
##.....................#
.............^........##
#................>......
#....................#..
#...................#_#.
#....................#..


You could see Natasha and 2 shadow imps.

Vanquished Creatures
  Natasha (D:3)
  Robin (D:2)
  An adder (D:3)
  2 worms
  3 leopard geckos
  3 giant cockroaches
  9 hobgoblins
  6 jackals (D:1)
  7 bats
  12 frilled lizards
  8 goblins
  5 kobolds
  5 rats
63 creatures vanquished.

Vanquished Creatures (others)
  5 toadstools (D:1)
5 creatures vanquished.

Grand Total: 68 creatures vanquished

Notes
Turn   | Place    | Note
-------+----------+-------------------------------------------
     0 | D:1      | Lahna the Minotaur Berserker began the quest for the Orb.
     0 | D:1      | Reached XP level 1. HP: 19/19 MP: 0/0
   118 | D:1      | Reached XP level 2. HP: 18/27 MP: 1/1
   373 | D:1      | Reached ** piety under Trog
   381 | D:1      | Reached XP level 3. HP: 33/33 MP: 2/2
   703 | D:2      | Noticed Robin
   716 | D:2      | Killed Robin
  1012 | D:2      | Reached XP level 4. HP: 37/40 MP: 3/3
  1103 | D:3      | Reached *** piety under Trog
  1203 | D:3      | Found a faded altar of an unknown god.
  1526 | D:3      | Noticed Natasha
  1542 | D:3      | Killed Natasha
  1559 | D:3      | Noticed Natasha
  1565 | D:3      | Slain by Natasha

Skill      XL: |  1  2  3  4 |
---------------+-------------+-----
Maces & Flails | 4 |  4.6
Fighting       | 4 |  4.6
Armour         | 3 |  3.5
Dodging        | 3 |  3.2

Action                   |  1- 3 |  4- 6 || total
-------------------------+-------+-------++-------
Melee: Mace              |   106 |    41 ||   147
       Headbutt          |     8 |     4 ||    12
Invok: Burn Spellbooks   |     1 |       ||     1
       Berserk           |       |     1 ||     1
  Use: Scroll            |     6 |       ||     6
  Eat: Chunk             |       |     3 ||     3
Armor: Animal skin       |     5 |       ||     5
       Ring mail         |    42 |     7 ||    49
       Chain mail        |       |    16 ||    16
       Skin              |       |     1 ||     1
Dodge: Dodged            |    90 |    25 ||   115
